 Dungeon Crawl Stone Soup version 0.31-a0-267-g3fc6992 (webtiles) character file.

Game seed: 10703343842950440928

303 Wizard1ke the Changeling (level 6, -10/85 HPs)
             Began as a Naga Shapeshifter on July 13, 2023.
             Was a Follower of Nemelex Xobeh.
             Mangled by Menkaure (17 damage)
             ... on level 4 of the Dungeon.
             The game lasted 00:07:26 (3426 turns).

Wizard1ke the Changeling (Naga Shapeshifter)        Turns: 3426, Time: 00:07:27

Health: -10/85     AC: 23    Str: 17 (18) XL:     6   Next: 38%
Magic:  6/6        EV:  1    Int:  5 (7)  God:    Nemelex Xobeh [*.....]
Gold:   219        SH:  0    Dex: 13 (16) Spells: 5/5 levels left

rFire   . .          .
                       - Unarmed
rCold   . . .        (no shield)
rNeg    . . .        a - melded +0 animal skin
rPois   +            (helmet currently unavailable)
rElec   .            (cloak currently unavailable)
rCorr   .            (gloves currently unavailable)
SInv    +            (no barding)
Will    +....        (no amulet)
Stlth   +            (no ring)
HPRegen 0.34/turn    (no ring)
MPRegen 0.10/turn

%: no passive effects
@: tree-form, enlightened
A: stationary, stasis, torment immunity, boosted hp, AC +2, large, see
invisible, (deformed body), (poison resistance), (slowness 2), spit poison 1,
(naga tail 1), agile 1, (fire resistance 1)
a: Spit Poison, Renounce Religion, Draw Escape, Draw Destruction, Draw Summoning


You were on level 4 of the Dungeon.
You worshipped Nemelex Xobeh.
Nemelex Xobeh was aware of your devotion.
You were a tree.
You visited 1 branch of the dungeon, and saw 4 of its levels.
You also visited: Sewer.

You collected 219 gold pieces.

Inventory:

Armour
 a - a +0 animal skin (melded)
 j - a +0 hat
Talismans
 c - a beast talisman
Scrolls
 d - 3 scrolls of enchant armour {unknown}
 e - 2 scrolls of fear {unknown}
 k - 2 scrolls of teleportation {unknown}
 l - a scroll of revelation {unknown}
 m - a scroll of torment {unknown}
 n - 3 scrolls of identify {unknown}
 o - 2 scrolls of immolation {unknown}
 p - a scroll of enchant weapon {unknown}
Potions
 b - a potion of lignification
 g - a potion of mutation
 h - a potion of curing {unknown}
 i - a potion of degeneration
 q - a potion of ambrosia {unknown}
 r - a potion of berserk rage {unknown}


   Skills:
 + Level 4.1 Fighting
 - Level 1.5 Dodging
 + Level 4.0 Unarmed Combat
 + Level 4.2 Shapeshifting


You had 5 spell levels left.
You didn't know any spells.
Your spell library contained the following spells:

 Spells                   Type           Power      Damage    Failure   Level
 Lesser Beckoning         Tloc           0%         N/A       63%         2
 Scorch                   Fire           0%         2d5       63%         2
 Gell's Gravitas          Tloc           0%         N/A       85%         3
 Teleport Other           Tloc           0%         N/A       85%         3
 Flame Wave               Conj/Fire      0%         2d4       99%         4
 Summon Cactus Giant      Summ           0%         N/A       100%        6


Dungeon Overview and Level Annotations

Branches:
Dungeon (4/15)              Sewer (visited)
 Temple: D:4-7

Altars:
Nemelex Xobeh
Xom

Shops:
D:3 [

Annotations:
D:4 Menkaure


Innate Abilities, Weirdness & Mutations

You are a tree.
Your roots penetrate the ground, keeping you stationary.
You cannot be teleported.
You are immune to unholy pain and torment.
Your maximum health is greatly increased.
Your equipment is partially melded.
((Your serpentine skin is tough. (AC +2)))
You have supernaturally acute eyesight. (SInv)
((Armour fits poorly on your strangely shaped body.))
((Your system is resistant to poisons. (rPois)))
((You cover ground very slowly.))
You can spit poison.
((You have a snake-like lower body.))
You are agile. (Dex +4, Str/Int -1)
((Your flesh is heat resistant. (rF+)))


Message History

There is an open door here.
Found a stone staircase leading down.
You now have 219 gold pieces (gained 15).
r - a bubbling sapphire potion As you open the door, it creaks loudly!
There is an open door here.
Menkaure, Prince of Dust comes into view.
Okay, then.
You have nothing you can fire or use right now.
Unknown command.
Menkaure wails, "Why can't you leave me to my rest?"
Menkaure casts a spell.
Menkaure seems to speed up.
Menkaure gestures at you while chanting.
Pain shoots through your body!
Menkaure calls on the powers of darkness!
Your body is wracked with pain!
You hit Menkaure.
Menkaure is lightly damaged.
Menkaure hits you!!
* * * LOW HITPOINT WARNING * * *
Okay, then.
Really quaff the potion of lignification?
Your transformation has ended.
You turn into a tree.
Your +0 animal skin melds into your body.
Your roots penetrate the ground.
Menkaure hits you but does no damage.
It was a potion of degeneration.
There was something very wrong with that liquid.
You feel weakened.
You feel dopey.
You feel clumsy. Menkaure hits you.
* * * LOW HITPOINT WARNING * * *
It was a potion of mutation.
You feel extremely strange.
You feel resistant to heat.
You feel agile. Menkaure hits you.
* * * LOW HITPOINT WARNING * * *
It was a potion of enlightenment.
Your roots keep you in place.
Menkaure hits you!
You die...
Your body glows slightly and disappears.

.......## ##.##.#
#.....## ####.#
.....## #.# ##..##
#.# #>.# #.# ##.>#
#.# .....## #.#
..... #.# ##. ...
#♣#
#....#.#########M#
............M....#
.#####.###########
... ####


You could see Menkaure (fast).

Vanquished Creatures
  Pargi (Sewer)
  An orc priest (D:3)
  An orc wizard (D:3)
  7 adders
  5 worms
  A dart slug (D:1)
  3 orcs (D:3)
  5 bats
  3 endoplasms
  6 giant cockroaches
  4 hobgoblins
  5 jackals
  5 quokkas
  7 ball pythons
  5 frilled lizards
  7 goblins
  7 kobolds
  8 rats
81 creatures vanquished.

Notes
Turn   | Place    | Note
-------+----------+-------------------------------------------
     0 | D:1      | Wizard1ke the Naga Shapeshifter began the quest for the
                  | Orb.
     0 | D:1      | Reached XP level 1. HP: 19/19 MP: 1/1
   115 | D:1      | Reached XP level 2. HP: 17/26 MP: 2/2
   809 | D:1      | Found a faded altar of an unknown god.
   837 | D:1      | Reached XP level 3. HP: 33/33 MP: 3/3
  1278 | D:2      | Found a sparkling altar of Nemelex Xobeh.
  1314 | D:2      | Became a worshipper of Nemelex Xobeh the Trickster
  1485 | D:2      | Reached XP level 4. HP: 30/40 MP: 4/4
  2336 | D:3      | Reached XP level 5. HP: 33/49 MP: 5/5
  2428 | D:3      | Found Reyrph's Antique Armour Shoppe.
  2797 | D:3      | Found a shimmering altar of Xom.
  3057 | D:4      | Found a glowing drain.
  3061 | Sewer    | Entered a sewer
  3088 | Sewer    | Reached * piety under Nemelex Xobeh
  3117 | Sewer    | Noticed Pargi
  3126 | Sewer    | Killed Pargi
  3127 | Sewer    | Reached XP level 6. HP: 32/57 MP: 6/6
  3409 | D:4      | Noticed Menkaure
  3425 | D:4      | Gained mutation: Your flesh is heat resistant. (rF+)
                  | [potion of mutation]
  3425 | D:4      | Gained mutation: You are agile. (Dex +4, Str/Int -1)
                  | [potion of mutation]
  3426 | D:4      | Mangled by Menkaure

Illustrated notes

Levels and vault maps discovered:
D:1:      matt_arrival_grand_opening, layout_loops_corners,
          dreamdust_ecumenical_altar_hidden_monk_grotto
D:2:      minmay_razor_zed, layout_rooms, basic_altar
D:3:      layout_loops_cross, mainiacjoe_overflow_24_doors, serial_shops, shop
D:4:      layout_loops_corners, minmay_overflow_temple_hex,
          lightli_sewer_entry_pipes, uniq_menkaure

Skill      XL: |  1  2  3  4  5 |
---------------+----------------+-----
Fighting       | 3 4 |  4.1
Unarmed Combat | 3 4 |  4.0
Shapeshifting  | 4 |  4.2
Dodging        | |  1.5

Action                     |  1- 3 |  4- 6 || total
---------------------------+-------+-------++-------
  Melee: Unarmed           |    67 |   118 ||   185
         Punch             |       |     1 ||     1
Ability: Spit Poison       |    27 |    25 ||    52
    Use: Potion            |       |     4 ||     4
   Stab: Sleeping          |     1 |     1 ||     2
 Armour: Animal skin       |     9 |    26 ||    35
         Skin              |       |     1 ||     1
  Dodge: Dodged            |    37 |    53 ||    90

Table legend: (Time is in decaauts)
 A = Elapsed time spent in this place.
 B = Non-inter-level travel time spent in this place.
 C = Inter-level travel time spent in this place.
 D = Time resting spent in this place.
 E = Time spent auto-exploring this place.
 F = Levels seen in this place.
 G = Mean time per level.
                   A        B        C        D        E       F      G
               +--------+--------+--------+--------+--------+-----+--------+
         Total |   4344 |   4126 |    218 |    168 |   3165 |   5 |  868.8 |
       Dungeon |   4079 |   3861 |    218 |    168 |   2950 |   4 | 1019.8 |
         Sewer |    264 |    264 |      0 |      0 |    214 |   1 |  264.0 |
               +--------+--------+--------+--------+--------+-----+--------+

Top non-repeatable levels by time:
     D:1: 1604 daAuts
     D:2: 1170 daAuts
     D:3: 1042 daAuts
   Sewer: 264 daAuts
     D:4: 261 daAuts
